 Dungeon Crawl Stone Soup version 0.16.2-12-gd0ad4c3 (webtiles) character file.

13163248 topse85 the Ninja (level 27, 275/275 (298) HPs)
             Began as a Naga Warper on Sept 9, 2015.
             Was the Champion of Cheibriados.
             Escaped with the Orb
             ... and 15 runes on Sept 19, 2015!
             The game lasted 15:46:49 (124164 turns).

topse85 the Ninja (Naga Warper)                   Turns: 124164, Time: 15:46:50

HP:   275/275 (298) AC: 54    Str: 38      XL:     27
MP:   49/49         EV: 31    Int: 32 (33) God:    Cheibriados [******]
Gold: 19085         SH: 32    Dex: 32 (33) Spells: 10 memorised, 30 levels left

rFire  + + .     SeeInvis +     d - +8 autumn katana {slice, Clar}
rCold  + + +     Clarity  +     W - +10 pearl dragon armour
rNeg   + + +     SustAb   .     r - +7 large shield {reflect}
rPois  +         Gourm    .     p - +0 helmet of Zexoc {rElec rC+ Regen+ Int-2}
rElec  +         Spirit   .     b - +3 cloak of Flash {+Fly EV+4}
rCorr  .         Warding  +     K - +1 pair of gloves of Honour {rPois MP+9 Str+3 Dex+3 Slay-5}
rMut   .         Stasis   .     H - +4 naga barding {rF+}
MR     +++++                    F - amulet "Boosem" {Ward rC+ rN+ MR++ Str+4}
Stlth  ++++......               j - ring of Egalitarianism {Wiz rC+ Int+2}
                                O - ring of Ammu {rF+ rN+ MR++ MP-9 Str+2 Int-4}

@: very slow, almost entirely resistant to hostile enchantments, stealthy
A: spit poison, constrict 1, yellow scales 1, see invisible, deformed body,
magic resistance 1, poison resistance, slowness 2, AC +9
a: Spit Poison, Bend Time, Temporal Distortion, Slouch, Step From Time, Renounce
Religion, Evoke Flight
0: Orb of Zot
}: 15/15 runes: decaying, serpentine, slimy, silver, golden, iron, obsidian,
icy, bone, abyssal, demonic, glowing, magical, fiery, dark


You escaped.
You worshipped Cheibriados.
Cheibriados was exalted by your worship.
You were not hungry.

You visited 18 branches of the dungeon, and saw 97 of its levels.
You visited Pandemonium 3 times, and saw 58 of its levels.
You visited the Abyss 1 time.
You visited 3 ziggurats, and saw 41 of their levels (deepest: 18).
You also visited: Bailey and Ice Cave.

You collected 22264 gold pieces.
You spent 3179 gold pieces at shops.

Inventory:

Hand weapons
 d - the +8 autumn katana (weapon) {slice, Clar}
   (You bought it in a shop on level 11 of the Dungeon)

   It inflicts extra damage upon your enemies.
   It protects you against confusion.
 T - a +9 blowgun
 U - a +9 eudemon blade of holy wrath
 V - the +7 Spriggan's Knife {MR+ EV+4 Dex+4 Stlth+}
   (You found it on level 3 of the Swamp)

   It affects your evasion (+4).
   It affects your dexterity (+4).
   It affects your resistance to hostile enchantments.
   It makes you more stealthy.
 Z - a +9 greatsling of flaming
Missiles
 h - 1027 stones (quivered)
 M - 246 sling bullets
 P - 31 curare-tipped needles
 S - 43 sling bullets of frost
Armour
 b - the +3 cloak of Flash (worn) {+Fly EV+4}
   (You acquired it on level 1 of the Tomb of the Ancients)

   It affects your evasion (+4).
   It lets you fly.
 f - a +4 naga barding of flying
 p - the +0 helmet of Zexoc (worn) {rElec rC+ Regen+ Int-2}
   (You bought it in a shop on level 3 of the Elven Halls)

   It affects your intelligence (-2).
   It protects you from cold.
   It insulates you from electricity.
   It increases your rate of regeneration.
 r - a +7 large shield of reflection (worn)
 H - a +4 naga barding of fire resistance (worn)
 K - the +1 pair of gloves of Honour (worn) {rPois MP+9 Str+3 Dex+3 Slay-5}
   (You found it on level 13 of a ziggurat)

   It affects your strength (+3).
   It affects your dexterity (+3).
   It affects your accuracy and damage with ranged weapons and melee attacks
   (-5).
   It protects you from poison.
   It affects your magic capacity (+9).
 W - a +10 pearl dragon armour (worn)
Magical staves
 L - an uncursed staff of energy
Jewellery
 j - the ring of Egalitarianism (right hand) {Wiz rC+ Int+2}
   (You took it off an angel in Pandemonium)

   [ring of wizardry]

   It improves your spell success rate.
   It affects your intelligence (+2).
   It protects you from cold.
 q - the ring "Asupexaco" {MP+9 AC+3 Str-2 Slay+3}
   (You found it on level 9 of a ziggurat)

   [ring of protection]

   It affects your AC (+3).
   It affects your strength (-2).
   It affects your accuracy and damage with ranged weapons and melee attacks
   (+3).
   It affects your magic capacity (+9).
 F - the amulet "Boosem" (around neck) {Ward rC+ rN+ MR++ Str+4}
   (You found it in an ice cave)

   [amulet of warding]

   It may prevent the melee attacks of summoned creatures.
   It affects your strength (+4).
   It protects you from cold.
   It protects you from negative energy.
   It affects your resistance to hostile enchantments.
 O - the ring of Ammu (left hand) {rF+ rN+ MR++ MP-9 Str+2 Int-4}
   (You found it on level 3 of the Crypt)

   [ring of positive energy]

   It affects your strength (+2).
   It affects your intelligence (-4).
   It protects you from fire.
   It protects you from negative energy.
   It affects your resistance to hostile enchantments.
   It affects your magic capacity (-9).
Magical devices
 e - a wand of teleportation (3)
 A - a wand of teleportation (4)
Scrolls
 a - 3 scrolls of holy word
 k - 2 scrolls of magic mapping
 n - 25 scrolls of fog
 o - 3 scrolls of summoning
 v - 3 scrolls of fear
 w - 41 scrolls of teleportation
 y - 42 scrolls of remove curse
 I - 49 scrolls of identify
 J - 19 scrolls of blinking
Potions
 c - 6 potions of resistance
 m - 23 potions of curing
 t - 13 potions of might
 u - 14 potions of brilliance
 x - 6 potions of restore abilities
 z - 6 potions of magic
 E - 2 potions of cancellation
 G - 12 potions of agility
Miscellaneous
 i - a legendary deck of wonders {the Alchemist}
 N - a crystal ball of energy
 R - a legendary deck of summoning {Water, drawn: 4}
 X - a legendary deck of summoning {the Illusion, drawn: 1}
Comestibles
 g - 12 bread rations
 l - a slice of pizza
 B - 59 meat rations
 Q - 41 fruits


   Skills:
 O Level 27 Fighting
 - Level 4.4(19.1) Short Blades
 O Level 27 Long Blades
   Level 11.4 Axes
 - Level 23.0 Slings
 - Level 0.8(15.7) Throwing
 - Level 17.3 Armour
 + Level 18.0 Dodging
 O Level 27 Stealth
 - Level 15.8 Shields
 O Level 27 Spellcasting
 - Level 12.5 Charms
 - Level 24.6 Necromancy
 O Level 27 Translocations
 - Level 21.9 Transmutations
 - Level 15.5 Ice Magic
   Level 2.3 Earth Magic
 - Level 7.8 Invocations
 - Level 16.0 Evocations


You had 30 spell levels left.
You knew the following spells:

 Your Spells              Type           Power        Failure   Level  Hunger
a - Apportation           Tloc           ########..   0%          1    None
b - Blink                 Tloc           N/A          0%          2    None
c - Necromutation         Trmt/Necr      ########..   1%          8    None
e - Phase Shift           Tloc           ########..   0%          5    None
f - Portal Projectile     Tloc           ######       0%          3    None
g - Regeneration          Chrm/Necr      ########..   0%          3    None
h - Dispersal             Tloc           ########..   0%          6    None
i - Ozocubu's Refrigerat  Ice            #######...   1%          6    None
j - Controlled Blink      Tloc           N/A          1%          7    None
k - Singularity           Tloc           ########..   1%          9    ####...


Dungeon Overview and Level Annotations

Branches:
Dungeon (15/15)            Temple (1/1) D:6            Lair (8/8) D:10
  Swamp (5/5) Lair:3        Snake (5/5) Lair:3        Slime (6/6) Lair:7
    Orc (4/4) D:12            Elf (3/3) Orc:3        Vaults (5/5) D:14
  Crypt (3/3) Vaults:3       Tomb (3/3) Crypt:3      Depths (5/5) D:15
   Hell (1/1)                 Dis (7/7) Hell            Geh (7/7) Hell
    Coc (7/7) Hell            Tar (7/7) Hell            Zot (5/5) Depths:5

Altars:
Ashenzari
Cheibriados
Dithmenos
Elyvilon
Fedhas
Gozag
Kikubaaqudgha
Makhleb
Nemelex Xobeh
Okawaru
Qazlal
Ru
Sif Muna
Trog
Vehumet
Xom
Yredelemnul
Zin
The Shining One
Beogh
Jiyva
Lugonu

Shops:
D:8 *   D:10 =   D:11 (   Orc:2 [   Orc:3 (   Orc:4 [(?=*   Elf:3 [*[(
Snake:3 ?   Snake:5 [   Vaults:4 *([

Portals:
Hell: Depths:1 Depths:2 Depths:3 Depths:4 Depths:5
Abyss: Depths:3 Depths:4
Pandemonium: Depths:1 Depths:3 Depths:4

Annotations:
Hell Murray


Innate Abilities, Weirdness & Mutations

You cannot wear boots.
You can spit poison.
You can use your snake-like lower body to constrict enemies.
Your serpentine skin is tough (AC +9).
You have supernaturally acute eyesight.
Armour fits poorly on your strangely shaped body.
Your system is resistant to poisons.
You cover ground very slowly.
You are partially covered in yellow scales (AC +2).
You are resistant to hostile enchantments.


Message History

You block the red devil's attack.
The red devil hops backward while attacking.
You block the red devil's attack.
The red devil hops backward while attacking.
The red devil closely misses you. You block the red devil's attack.
You block the red devil's attack. The red devil misses you.
You block the red devil's attack. You block the red devil's attack. x3
There is a stone staircase leading up here.
You climb upwards.
You sense a powerful magical force warping space.
There is a stone staircase leading down here.
There is an open door here.
There is an open door here.
Your transformation is almost over.
You feel yourself come back to life.
There is an open door here.
Magic restored.
There is a staircase leading out of the dungeon here.
You have escaped!

#.# #.............# #......#
#.# #.###########.# ##....##
#.# #..#.......#..# ###..#
#.# #.#.#######.#.####....#
#.# #.##.......##.#.......#
#.# #.#[###'###.#.#.#######
#.# #.#.#.....#.#.#...#
#.###.#.#.....#.#.###.#
#.'.'.#.+..@..+.#.'.'.######
#####.#.#.....#.#.###.......
#.#.#.....#.#.##......#.
#.#.###+###.#.##......#.
#.##.......##.##......#.
#.#.#######.#.##........
#..#.......#..#.......##
#.###########.#.###.###
#.............#.# #.#


There were no monsters in sight!

Vanquished Creatures
  Cerebov (Pan)
  the Serpent of Hell (Tar:7)
  the royal jelly (Slime:6)
  Ereshkigal (Tar:7)
  Gloorx Vloq (Pan)
  A seraph (Pan)
  Mnoleg (Pan)
  The ghost of Enish the Spellbinder, a legendary DsMo of Kikubaaqudgha (Pan)
  Dispater (Dis:7)
  Lom Lobon (Pan)
  9 orbs of fire
  8 ancient liches
  32 greater mummies
  Sojobo (Depths:1)
  6 shard shrikes
  Norris (Snake:5)
  6 curse toes
  Mara (Tomb:1)
  Mennas (Pan)
  Geryon (Hell)
  7 Killer Klowns
  8 golden dragons
  Jory (Vaults:5)
  Frederick (Crypt:2)
  A profane servitor (Crypt:3)
  A pearl dragon (Pan)
  12 bone dragons
  44 Brimstone Fiends
  Nikola (Snake:4)
  42 pandemonium lords
  3 electric golems
  3 hellephants (Abyss:3)
  18 liches
  24 Hell Sentinels
  23 tentacled monstrosities
  Vashnia (Snake:3)
  43 Ice Fiends
  27 Orb Guardians
  8 titans
  5 quicksilver dragons
  Asterion (Snake:3)
  3 deep elf blademasters (Elf:3)
  4 deep elf master archers (Elf:3)
  30 Shadow Fiends
  55 Executioners
  34 acid blobs
  The ghost of CcS the Carver, a mighty DgFE (Swamp:3)
  3 eldritch tentacles
  14 tentacled starspawn
  A kraken (Abyss:3)
  3 thorn hunters
  An octopode crusher (Depths:4)
  Rupert (Lair:6)
  5 sphinxes
  15 storm dragons
  11 ancient champions
  The ghost of droidenko the Peltast, a mighty MiFi of Okawaru (Elf:3)
  5 tengu reavers
  10 shadow dragons
  A storm dragon (shapeshifter) (Zot:4)
  Frances (Swamp:2)
  6 revenants
  Roxanne (Swamp:2)
  25 azure jellies
  18 daevas (Pan)
  3 draconian monks
  25 fire giants
  13 greater nagas
  23 chaos champions
  Donald (Swamp:2)
  An azure jelly (shapeshifter) (Vaults:4)
  Wiglaf (Swamp:2)
  Maud (Elf:1)
  6 ghost moths
  13 frost giants
  17 iron dragons
  26 vault wardens
  58 balrugs
  24 warmongers (Pan)
  Aizul (Snake:3)
  2 emperor scorpions (shapeshifter)
  2 draconian scorchers
  6 draconian knights
  5 curse skulls
  15 deep elf sorcerers
  3 draconian zealots
  6 orc warlords
  Gastronok (Orc:1)
  38 angels
  6 emperor scorpions
  4 war gargoyles
  35 cacodemons
  31 ironheart preservers
  4 caustic shrike zombies
  8 ghouls
  Jorgrun (Vaults:4)
  4 draconian shifters
  4 draconian annihilators
  10 rakshasas
  115 reapers
  21 ophanim (Pan)
  25 stone giants
  27 very ugly things
  4 elemental wellsprings
  19 blood saints (Pan)
  4 grey draconians
  25 apis (Pan)
  15 vampire knights
  A stone giant (shapeshifter) (Zig:6)
  2 green draconians
  13 corrupters (Pan)
  6 salamander firebrands
  A green draconian (shapeshifter) (Zot:4)
  17 deep elf annihilators
  A dire elephant (shapeshifter) (Zig:9)
  A purple draconian (shapeshifter) (Zot:4)
  9 deep elf demonologists
  6 black draconians
  17 black suns (Pan)
  4 bennus
  18 lorocyprocas
  2 pale draconians
  10 purple draconians
  7 yellow draconians
  4 mottled draconians
  3 dire elephants
  5 red draconians
  8 white draconians
  6 unborn
  37 vault guards
  Snorg (Orc:1)
  11 eidola
  3 minotaurs
  17 deep elf death magi
  26 mummy priests
  47 blizzard demons
  16 ettins
  17 jiangshi
  26 green deaths
  A very ugly thing zombie (Depths:3)
  A crystal guardian (Zot:4)
  9 quicksilver dragon zombies
  A merfolk impaler (Depths:4)
  Josephine (Orc:4)
  19 yaktaur captains
  3 deep elf high priests
  24 fire dragons
  2 kraken zombies
  39 ice dragons
  18 great orbs of eyes
  11 death oozes (Slime:6)
  Harold (Orc:4)
  7 quicksilver dragon skeletons
  27 naga warriors
  8 death cobs
  3 deep troll earth magi
  20 hydras
  A spriggan air mage (Depths:5)
  14 ogre magi
  A spectral shadow dragon (Crypt:3)
  Nessos (D:11)
  39 monstrous demonspawn
  A catoblepas (Depths:1)
  A caustic shrike simulacrum (Zig:1)
  4 ghost crabs
  A ghost crab (shapeshifter) (Depths:5)
  3 alligator snapping turtles (shapeshifter)
  The ghost of Enish the Devastator, a powerful DECj of Kikubaaqudgha (IceCv)
  15 anacondas
  8 centaur warriors
  11 alligators
  A spectral frost giant (Crypt:3)
  16 dancing weapons
  A satyr (shapeshifter) (Vaults:5)
  17 death yaks
  8 death knights
  5 orc high priests
  3 spriggan berserkers
  27 hell beasts
  15 titan zombies
  A spectral elf (Depths:5)
  10 vampire magi
  87 sun demons
  21 naga sharpshooters
  15 hell hogs
  Urug (Orc:2)
  A deep troll shaman (Vaults:3)
  12 storm dragon zombies
  60 soul eaters
  7 salamander mystics
  13 shock serpents
  Nergalle (Orc:4)
  4 spriggans
  6 holy swine (Pan)
  4 iron golems
  4 titan skeletons
  17 wretched stars
  10 thrashing horrors
  18 iron trolls (Dis:7)
  2 death drakes
  44 ice devils
  25 flayed ghosts
  169 skeletal warriors
  21 deep elf knights
  31 shadow wraiths
  51 hell knights
  13 hill giants
  14 anaconda zombies
  11 golden dragon zombies
  6 spatial maelstroms
  A spectral anaconda (Crypt:3)
  3 fire crabs
  23 shadow demons
  10 ball lightnings (Pan)
  27 infernal demonspawn (Pan)
  10 storm dragon skeletons
  4 sea snakes (Snake:5)
  A death drake (shapeshifter) (Zig:7)
  20 cherubim (Pan)
  A fulminant prism (Pan)
  2 shambling mangroves (Swamp:4)
  Erolcha (D:11)
  2 spriggan druids
  75 starcursed masses
  15 orc knights
  33 gelid demonspawn (Pan)
  32 ironbrand convokers
  32 torturous demonspawn (Pan)
  5 ice statues
  8 deep trolls
  50 death scarabs
  21 deep elf summoners
  2 ghost moth zombies
  7 swamp dragons
  An obsidian statue (Zig:7)
  27 putrid demonspawn (Pan)
  2 spectral wolf spiders
  8 wizards
  15 naga ritualists
  A lindwurm (shapeshifter) (Vaults:5)
  7 unseen horrors
  27 mana vipers
  10 shadow dragon zombies
  7 giant orange brains
  2 kraken simulacra (Coc:7)
  21 necromancers
  A wolf spider (shapeshifter) (Zig:12)
  25 deep elf conjurers
  5 tengu zombies
  5 golden dragon skeletons
  An orb spider (shapeshifter) (Depths:4)
  5 sphinx zombies
  A mana viper (shapeshifter) (Vaults:5)
  2 deathcaps
  8 anaconda skeletons
  8 wolf spider zombies
  5 wolf spiders
  8 oklob plants
  A lindwurm (Lair:8)
  6 manticores
  8 hornets
  2 orb spiders (Zot:4)
  A hill giant (shapeshifter) (Zig:9)
  63 ugly things
  5 griffons
  26 phantasmal warriors
  6 fire giant zombies
  14 frost giant zombies
  5 shadow dragon skeletons
  5 shining eyes
  13 iron dragon zombies
  24 anubis guards
  A salamander (shapeshifter) (Depths:2)
  A water nymph (shapeshifter) (Zig:7)
  12 stone giant zombies
  A faun (shapeshifter) (Depths:3)
  21 moths of wrath
  7 orc sorcerers
  6 cyclopes
  28 salamanders
  9 iron dragon skeletons
  2 draconians (shapeshifter)
  A moth of wrath (shapeshifter) (Zig:12)
  25 elephants
  18 guardian serpents
  A sphinx skeleton (Depths:5)
  7 fire giant skeletons
  62 black mambas
  4 eyes of devastation
  10 dire elephant zombies
  Maurice (Orc:1)
  52 rust devils
  9 stone giant skeletons
  16 worldbinders
  5 frost giant skeletons
  6 centaur zombies
  Joseph (Orc:1)
  2 shock serpent zombies (Dis:7)
  9 spriggan zombies
  24 spiny frogs
  12 molten gargoyles (Geh:7)
  6 torpor snails
  80 sixfirhies
  22 vault sentinels
  66 orange demons
  A torpor snail (shapeshifter) (Zig:7)
  44 naga magi
  16 apocalypse crabs
  A gargoyle (D:14)
  An orange crystal statue (Depths:4)
  A grey draconian zombie (Crypt:2)
  Psyche (D:9)
  A catoblepas zombie (Dis:7)
  2 emperor scorpion zombies
  5 fire drakes
  9 dire elephant skeletons
  4 spriggan skeletons
  2 shock serpent skeletons
  19 efreet
  3 storm dragon simulacra (Coc:7)
  8 titan simulacra (Coc:7)
  45 freezing wraiths
  8 centaur skeletons
  5 kobold demonologists
  65 hellions
  109 smoke demons
  64 yaktaurs
  8 human zombies
  18 demonic crawlers
  18 komodo dragons
  A purple draconian zombie (Zot:5)
  A queen bee (D:8)
  69 tormentors
  5 catoblepas skeletons
  17 deep elf priests
  41 guardian mummies
  A redback zombie (Crypt:2)
  A spectral glowing shapeshifter (Zig:11)
  3 komodo dragons (shapeshifter)
  90 hellwings
  2 trolls (shapeshifter)
  7 hydra zombies
  15 ancient zymes
  4 silent spectres
  5 anaconda simulacra
  6 giant leeches
  A death drake zombie (Zig:15)
  3 tengu conjurers
  4 harpy zombies
  2 shadow dragon simulacra
  90 red devils
  Sonja (Orc:2)
  2 queen bees (shapeshifter)
  32 two-headed ogres
  A two-headed ogre (shapeshifter) (Elf:3)
  3 polar bears
  48 blue devils
  2 harpy skeletons
  8 hydra skeletons
  12 blink frogs
  6 wandering mushrooms
  A jumping spider (shapeshifter) (Elf:1)
  114 large abominations
  9 trolls
  9 ice dragon zombies
  17 bog bodies
  3 jumping spiders
  24 raiju
  6 boulder beetles
  2 fire giant simulacra
  22 ravens
  9 fire vortices (Pan)
  A raven (shapeshifter) (Depths:5)
  9 ettin zombies
  A death drake skeleton (Tar:6)
  6 alligator zombies
  4 basilisks
  151 slime creatures
  8 fire dragon zombies
  28 ushabtiu
  5 baby alligators
  46 shadows
  26 vampires
  4 human simulacra
  50 deep elf magi
  2 air elementals (Depths:5)
  3 ettin skeletons
  5 fire dragon skeletons
  202 flying skulls
  A redback (shapeshifter) (D:15)
  2 spriggan simulacra
  The ghost of Genodice the Firebug, an average GrFE (D:4)
  2 alligator skeletons
  48 wraiths
  A trapdoor spider (shapeshifter) (Vaults:3)
  7 wyverns
  10 redbacks
  12 water elementals
  A hog (shapeshifter) (Zig:9)
  A black mamba zombie (Geh:3)
  A griffon skeleton (Crypt:2)
  A tarantella (shapeshifter) (D:13)
  3 trapdoor spiders
  76 ynoxinuls
  3 black mamba skeletons
  5 tarantellas
  A human (Zig:14)
  2 ice dragon skeletons
  59 neqoxecs
  43 yaks
  12 fire bats (Abyss:2)
  A fire bat (shapeshifter) (Abyss:3)
  Grum (D:12)
  A queen ant zombie (Crypt:1)
  10 hippogriffs
  18 fire elementals
  29 chaos spawn
  32 swamp worms
  48 deep elf fighters
  37 vampire mosquitoes
  2 swamp worm simulacra (Swamp:5)
  12 hungry ghosts
  2 steam dragons
  A hill giant skeleton (Crypt:1)
  A wolf (shapeshifter) (Abyss:3)
  14 golden eyes
  2 hippogriffs (shapeshifter)
  11 wargs
  2 mottled dragons
  Edmund (D:5)
  23 insubstantial wisps
  76 nagas
  A torturous demonspawn zombie (Crypt:2)
  80 hell hounds
  25 wolves
  14 spatial vortices
  10 spiny frog zombies
  A harpy simulacrum (Hell)
  23 hydra simulacra
  8 wasps
  58 water moccasins
  4 spiny frog skeletons
  7 porcupines
  A porcupine (shapeshifter) (Zig:6)
  2 spiders
  3 sky beasts
  40 ice beasts
  A fire dragon simulacrum (Crypt:1)
  31 necrophages
  10 eyes of draining
  57 ogres
  63 orc warriors
  3 swamp dragon zombies
  16 swamp drakes
  5 snapping turtle zombies
  2 manticore zombies
  7 phantoms
  A black bear (shapeshifter) (Elf:3)
  23 centaurs
  4 manticore skeletons
  A black mamba simulacrum (Coc:7)
  6 snapping turtle skeletons
  A boggart (Zot:4)
  22 crocodiles
  3 boring beetles
  2 swamp dragon skeletons
  8 elf zombies
  Sigmund (D:2)
  An orc skeleton (Orc:4)
  2 lost souls
  An apocalypse crab zombie (Zig:9)
  4 brain worms
  2 glowing shapeshifter simulacra
  2 big kobolds
  4 human skeletons
  An earth elemental (Abyss:1)
  A hell hound skeleton (Abyss:2)
  22 giant frogs
  A warg zombie (Crypt:1)
  A swamp dragon simulacrum (Hell)
  28 small abominations
  A boulder beetle zombie (Vaults:4)
  5 scorpions
  A manticore simulacrum (Tomb:2)
  6 elf skeletons
  37 killer bees
  4 electric eels
  9 vampire bats (Abyss:2)
  81 wights
  2 snapping turtle simulacra
  27 crimson imps
  9 quasits
  14 hounds
  A wyvern simulacrum (D:14)
  5 goliath beetles
  40 jellies
  A wasp zombie (D:12)
  3 giant frog zombies
  Crazy Yiuf (D:7)
  39 orc priests
  A two-headed ogre zombie (Vaults:4)
  14 iguanas
  45 iron imps
  2 giant frog skeletons
  11 worker ants
  40 orc wizards
  9 hell rats
  A lightning spire (Zig:8)
  A centaur simulacrum (Crypt:1)
  An ogre zombie (Tar:3)
  18 sheep
  3 tengu skeletons
  2 necrophage skeletons
  A crocodile skeleton (Crypt:2)
  2 hound skeletons
  66 mummies
  A scorpion zombie (Crypt:1)
  21 adders
  18 gnolls
  7 orc zombies
  A swamp drake zombie (Crypt:1)
  3 giant mites
  86 river rats
  19 shadow imps
  47 white imps
  A worm (shapeshifter) (Vaults:3)
  2 worms
  2 giant eyeballs (Pan)
  78 ufetubi
  6 swamp drake simulacra (Swamp:5)
  An adder zombie (D:8)
  A lava snake skeleton (Crypt:2)
  A halfling skeleton (Crypt:2)
  A sheep skeleton (Crypt:1)
  7 giant geckos
  14 oozes
  323 orcs
  10 spectral bats (Abyss:2)
  2 bat skeletons
  7 giant cockroaches
  37 goblins
  28 hobgoblins
  25 kobolds
  15 quokkas
  2 ball pythons
  A ball python skeleton (Crypt:2)
  21 bats
  16 bat simulacra (Abyss:2)
  A giant gecko skeleton (D:8)
  5 giant newts
  2 giant spores
  A gnoll skeleton (Crypt:2)
  A goblin zombie (Zig:10)
  16 jackals
  2 jackal skeletons
  A kobold skeleton (Coc:1)
  A lurking horror (Zig:14)
  A quokka skeleton (D:4)
  A quokka zombie (D:8)
  14 rats
  6 ballistomycetes
  A bush (Lair:5)
  A butterfly (Pan)
  2 crawling corpses
  4 fungi
  21 grand avatars (Pan)
  9 plants
  8 starspawn tentacles
  8 tentacles
  2 tentacle segments
8308 creatures vanquished.

Vanquished Creatures (collateral kills)
  Antaeus (Coc:7)
  Asmodeus (Geh:7)
  Ignacio (Pan)
  A seraph (D:2)
  An orb of fire (Zot:5)
  A pandemonium lord (Pan)
  2 ancient liches
  The ghost of ghwc the Conqueror, a legendary GrBe of Trog (Coc:7)
  3 greater mummies (Tomb:3)
  A shard shrike (Coc:7)
  A Killer Klown (Zot:5)
  A golden dragon (Zot:2)
  10 Brimstone Fiends
  3 tentacled monstrosities
  7 Hell Sentinels
  2 Orb Guardians (Zot:5)
  2 Ice Fiends
  2 Shadow Fiends
  2 liches
  2 eldritch tentacles
  2 tentacled starspawn (Zig:17)
  A storm dragon (Zot:2)
  3 draconian monks
  9 greater nagas
  A shadow dragon (Zot:2)
  2 corrupters
  2 frost giants
  2 balrugs
  An orc warlord (Zig:10)
  4 warmongers
  2 black suns (Pan)
  3 vault wardens
  4 draconian scorchers
  2 draconian knights
  A cacodemon (Zig:11)
  4 draconian zealots
  5 emperor scorpions (Tomb:3)
  A very ugly thing (Zig:17)
  7 draconian annihilators
  11 reapers
  A draconian shifter (Zot:4)
  A salamander firebrand (Geh:7)
  2 stone giants
  3 draconian callers
  6 blood saints
  A grey draconian (shapeshifter) (Zot:4)
  A black draconian (shapeshifter) (Zot:4)
  2 bennus (Tomb:3)
  5 lorocyprocas
  3 mottled draconians
  7 pale draconians
  An ettin (Zig:10)
  3 purple draconians
  4 black draconians
  8 blizzard demons
  3 yellow draconians
  5 chaos champions
  2 red draconians (Zot:2)
  3 white draconians
  2 unborn
  An eidolon (Zig:17)
  2 green deaths
  6 mummy priests
  A deep elf death mage (Zig:8)
  A death cob (Zot:2)
  A fire dragon (Zot:5)
  2 death oozes (Slime:6)
  A quicksilver dragon zombie (Coc:7)
  A jiangshi (Tomb:3)
  A great orb of eyes (Zig:17)
  2 yaktaur captains
  A quicksilver dragon skeleton (Geh:4)
  4 naga warriors
  4 ice dragons
  An anaconda (Zig:16)
  3 monstrous demonspawn (Pan)
  A dancing weapon (Zig:18)
  An ogre mage (Pan)
  A shock serpent (Zig:15)
  A death knight (Zig:8)
  2 naga sharpshooters
  A sun demon (Geh:7)
  A death drake (Zot:2)
  A soul eater (Pan)
  6 flayed ghosts
  A hell hog (Zig:17)
  8 death scarabs (Tomb:3)
  A salamander mystic (Zig:15)
  6 hell knights (Geh:4)
  5 gelid demonspawn (Pan)
  8 skeletal warriors
  2 ice devils
  4 shadow demons
  A storm dragon skeleton (Zig:14)
  A deep troll (Zig:13)
  A ball lightning (Pan)
  A cherub (D:2)
  A tengu zombie (Zig:14)
  10 anubis guards (Tomb:3)
  A shadow dragon zombie (Dis:7)
  5 infernal demonspawn (Pan)
  3 naga ritualists (Zig:16)
  6 necromancers
  An orb spider (Zot:4)
  4 torturous demonspawn (Pan)
  4 phantasmal warriors
  A deep elf conjurer (Zig:10)
  An iron dragon zombie (Zig:18)
  3 ironbrand convokers
  2 shining eyes (Pan)
  A salamander (Zig:16)
  2 elf zombies (Zig:18)
  3 worldbinders
  An eye of devastation (Pan)
  2 mana vipers (Tomb:3)
  5 sixfirhies (Pan)
  7 moths of wrath
  A titan simulacrum (Coc:7)
  5 black mambas
  7 rust devils
  A stone giant skeleton (Geh:4)
  6 orange demons
  13 smoke demons
  4 vault sentinels
  A dire elephant zombie (Dis:1)
  2 spriggan zombies (Zig:18)
  5 guardian serpents
  2 apocalypse crabs
  2 naga magi
  A storm dragon simulacrum (Coc:7)
  2 fire drakes (Zot:3)
  An efreet (Geh:7)
  17 guardian mummies
  5 hellions
  6 tormentors
  11 hellwings
  2 harpy zombies (Zot:4)
  A komodo dragon (Zot:2)
  8 red devils
  An elf skeleton (Zig:14)
  3 freezing wraiths
  9 blue devils
  3 ancient zymes (Zig:17)
  A hydra zombie (Dis:1)
  A wind drake (Zot:2)
  8 fire vortices (Pan)
  A raiju (Zig:17)
  2 bog bodies (Coc:7)
  3 ushabtiu
  8 starcursed masses (Zig:17)
  3 ynoxinuls (Pan)
  6 vampires
  9 flying skulls
  A water elemental (Coc:7)
  5 shadows
  An air elemental (Zig:17)
  5 wraiths
  An alligator skeleton (Tomb:3)
  4 hungry ghosts
  6 neqoxecs
  An insubstantial wisp (Zig:17)
  8 nagas
  2 human zombies (Geh:4)
  A hydra simulacrum (Coc:7)
  6 hell hounds
  2 water moccasins
  A swamp drake (Zot:2)
  15 large abominations
  An eye of draining (Pan)
  A phantom (Dis:1)
  6 necrophages
  A boggart (Zot:4)
  A spriggan skeleton (Tomb:3)
  7 wights
  2 crimson imps (Pan)
  2 quasits (Pan)
  6 iron imps
  23 mummies
  4 white imps
  8 ufetubi
  A goblin (D:2)
  A kobold zombie (Dis:1)
  2 lurking horrors (Zig:17)
  2 grand avatars (Pan)
  2 starspawn tentacles (Zig:17)
  A starspawn tentacle segment (Zig:17)
615 creatures vanquished.

Vanquished Creatures (others)
  Margery (Vaults:5)
  A pandemonium lord (Zot:5)
  2 acid blobs (Slime:6)
  3 eldritch tentacles
  A tengu reaver (Vaults:4)
  A sphinx (Tomb:1)
  An Executioner (Pan)
  An ancient champion (Tomb:2)
  A fire giant (Depths:4)
  3 draconian scorchers
  A balrug (Pan)
  A green draconian (Zot:2)
  6 blood saints (Pan)
  A quicksilver dragon zombie (Crypt:2)
  2 alligators (Swamp:5)
  An ogre mage (Vaults:3)
  3 naga sharpshooters
  A storm dragon zombie (Vaults:4)
  A skeletal warrior (Tomb:2)
  6 ball lightnings (Pan)
  9 death scarabs
  An infernal demonspawn (Pan)
  A swamp dragon (Swamp:5)
  A necromancer (Vaults:5)
  A phantasmal warrior (Tar:7)
  An ironbrand convoker (Zig:4)
  A salamander (Snake:5)
  A fire giant zombie (Tomb:2)
  2 ugly things (Zig:12)
  A mana viper (Zig:13)
  2 black mambas
  6 sixfirhies (Pan)
  An iron dragon skeleton (Coc:7)
  2 eyes of devastation (Slime:6)
  2 spiny frogs (Swamp:5)
  An emperor scorpion zombie (Dis:7)
  A hellwing (Pan)
  A hydra zombie (Geh:1)
  A blink frog (Swamp:4)
  A blue devil (Pan)
  An ushabti (Zig:11)
  A hydra skeleton (Crypt:1)
  3 fire vortices (Pan)
  A black mamba zombie (Tomb:3)
  A vampire (Geh:7)
  A ynoxinul (Pan)
  A flying skull (Tomb:2)
  A wraith (Tomb:2)
  3 neqoxecs (Pan)
  A catoblepas simulacrum (Tomb:2)
  A harpy simulacrum (Tomb:3)
  A naga (Snake:3)
  A water moccasin (Swamp:1)
  An ice beast (Pan)
  An orc warrior (Orc:4)
  An orc zombie (Orc:4)
  A small abomination (Zot:5)
  A centaur (D:11)
  13 lost souls
  A brain worm (Pan)
  A wight (Geh:7)
  3 jellies (Slime:6)
  A worker ant (Pan)
  2 orc wizards
  3 iron imps (Dis:7)
  An ogre skeleton (Tomb:2)
  3 mummies (Tomb:2)
  5 white imps
  11 ufetubi
  3 orcs
  A spectral bat (Abyss:2)
  A kobold (D:8)
  3 giant spores
  A lurking horror (Abyss:3)
  A quokka (D:9)
  2 ballistomycetes (D:8)
  A bush (D:15)
  354 eldritch tentacle segments
  62 fungi
  27 plants
  102 singularities
  31 starspawn tentacles
  86 starspawn tentacle segments
  27 tentacles
  638 tentacle segments
1481 creatures vanquished.

Grand Total: 10404 creatures vanquished

Notes
Turn   | Place    | Note
--------------------------------------------------------------
     0 | D:1      | topse85, the Naga Warper, began the quest for the Orb.
     0 | D:1      | Reached XP level 1. HP: 19/19 MP: 3/3
   370 | D:1      | Reached XP level 2. HP: 26/26 MP: 4/4
   377 | D:1      | Learned a level 2 spell: Blink
   472 | D:1      | Reached skill level 1 in Armour
   736 | D:2      | Reached XP level 3. HP: 23/32 MP: 6/6
  1023 | D:2      | Noticed Sigmund
  1056 | D:2      | Killed Sigmund
  1056 | D:2      | Reached skill level 1 in Slings
  1056 | D:2      | Reached XP level 4. HP: 31/39 MP: 7/7
  1101 | D:2      | Reached XP level 5. HP: 41/45 MP: 9/9
  1610 | D:3      | Reached skill level 4 in Translocations
  1923 | D:3      | Found a blossoming altar of Fedhas.
  2219 | D:3      | Found an iron altar of Okawaru.
  2616 | D:3      | Reached XP level 6. HP: 52/52 MP: 10/10
  2656 | D:3      | Found a deep blue altar of Sif Muna.
  2708 | D:4      | Got an ominously black robe
  2731 | D:3      | Identified the +3 robe of the Abyss {rElec Int+4 Dex+4} (You found it on level 4 of the Dungeon)
  2735 | D:3      | Learned a level 3 spell: Teleport Other
  2888 | D:4      | Found a shadowy altar of Dithmenos.
  2888 | D:4      | Found a sacrificial altar of Ru.
  3057 | D:4      | Reached skill level 1 in Stealth
  3165 | D:4      | Noticed Genodice's ghost (average GrFE)
  3208 | D:4      | Killed Genodice's ghost
  3208 | D:4      | Reached XP level 7. HP: 31/60 MP: 1/12
  3475 | D:4      | Found a glowing golden altar of the Shining One.
  3607 | D:5      | Entered Level 5 of the Dungeon
  3712 | D:5      | Noticed Edmund
  3983 | D:5      | Killed Edmund
  3983 | D:5      | Reached skill level 1 in Short Blades
  4105 | D:5      | Found a stormy altar of Qazlal.
  4224 | D:5      | Reached skill level 5 in Stealth
  4301 | D:5      | Found a sparkling altar of Nemelex Xobeh.
  4358 | D:5      | Got a turquoise-encrusted ring mail
  4369 | D:5      | Identified the +5 ring mail "Stroirghu" {rCorr} (You found it on level 5 of the Dungeon)
  4385 | D:5      | Found an ancient bone altar of Kikubaaqudgha.
  4964 | D:5      | Reached skill level 6 in Stealth
  5012 | D:5      | Reached XP level 8. HP: 48/67 MP: 13/13
  5394 | D:6      | Reached skill level 7 in Stealth
  5448 | D:6      | Found a glowing silver altar of Zin.
  5758 | D:6      | Found a staircase to the Ecumenical Temple.
  5769 | Temple   | Entered the Ecumenical Temple
  5812 | Temple   | Became a worshipper of Cheibriados the Contemplative
  6087 | D:6      | Reached skill level 5 in Axes
  6529 | D:7      | Noticed Crazy Yiuf
  6542 | D:7      | Killed Crazy Yiuf
  6542 | D:7      | Acquired Cheibriados' first power
  6644 | D:7      | Reached XP level 9. HP: 29/73 MP: 14/14
  7049 | D:7      | Reached skill level 1 in Invocations
  7165 | D:7      | Found a shattered altar of Ashenzari.
  7221 | D:7      | Reached skill level 5 in Dodging
  7700 | D:8      | Found a burning altar of Makhleb.
  7845 | D:8      | Acquired Cheibriados' second power
  7983 | D:8      | Found Thyucoq's Serpentskin Sales.
  8012 | D:8      | Bought a potion of poison for 14 gold pieces
  8160 | D:8      | Reached XP level 10. HP: 81/86 MP: 18/18
  8335 | D:8      | Reached skill level 5 in Invocations
  8353 | D:8      | HP: 4/86 [queen bee (17)]
  8431 | D:8      | Acquired Cheibriados' third power
  9125 | D:9      | Acquired Cheibriados' fourth power
  9153 | D:9      | Found a white marble altar of Elyvilon.
  9281 | D:9      | Noticed Psyche
  9301 | D:9      | Killed Psyche
  9419 | D:9      | Found a radiant altar of Vehumet.
  9994 | D:10     | Entered Level 10 of the Dungeon
 10143 | D:10     | Noticed an oklob plant
 10422 | D:10     | Killed an oklob plant
 10422 | D:10     | Reached skill level 5 in Fighting
 10485 | D:10     | Found a staircase to the Lair.
 10485 | D:10     | Noticed an elephant
 10485 | D:10     | Noticed a death yak
 10514 | D:10     | Killed an elephant
 10514 | D:10     | Reached skill level 8 in Axes
 10514 | D:10     | Reached XP level 11. HP: 76/96 MP: 22/22
 10636 | D:10     | Killed a death yak
 10665 | D:10     | Got a brightly glowing chain mail
 10676 | D:10     | Identified the +7 chain mail of Elyvilon's Regard {Str+5} (You found it on level 10 of the Dungeon)
 10929 | D:10     | Found Khuril Numi's Jewellery Boutique.
 11040 | D:10     | Noticed a hill giant
 11228 | D:10     | Noticed a guardian serpent
 11256 | D:10     | Killed a guardian serpent
 11581 | D:10     | Noticed a hill giant
 11604 | D:10     | Killed a hill giant
 11699 | D:10     | Killed a hill giant
 11827 | D:12     | Found a staircase to the Orcish Mines.
 12071 | Orc:1    | Entered Level 1 of the Orcish Mines
 12273 | Orc:1    | Noticed Gastronok
 12297 | Orc:1    | Killed Gastronok
 12322 | Orc:1    | Noticed Maurice
 12447 | Orc:1    | Killed Maurice
 12586 | Orc:1    | Reached skill level 9 in Axes
 12865 | Orc:2    | Noticed Urug
 12878 | Orc:2    | Killed Urug
 13140 | Orc:2    | Noticed Sonja
 13147 | Orc:2    | Killed Sonja
 13165 | Orc:2    | Reached XP level 12. HP: 93/109 MP: 20/23
 13218 | Orc:2    | Found Fankoori's Armour Boutique.
 13596 | Orc:1    | Noticed Snorg
 13604 | Orc:1    | Noticed Joseph
 13608 | Orc:1    | Killed Snorg
 13608 | Orc:1    | Reached skill level 5 in Translocations
 13611 | Orc:1    | Killed Joseph
 13810 | Orc:3    | Found a staircase to the Elven Halls.
 13842 | Orc:3    | Found Mnimuok's Antique Weapon Shoppe.
 13868 | Orc:3    | Found a flagged portal.
 13874 | Bailey   | Entered a bailey
 14280 | Bailey   | Reached skill level 10 in Axes
 14308 | Bailey   | HP: 4/109 [orc knight/trident (21)]
 15610 | Orc:4    | Entered Level 4 of the Orcish Mines
 15695 | Orc:4    | Found Cikil's Magic Scroll Boutique.
 15730 | Orc:4    | Bought a scroll of teleportation for 51 gold pieces
 15730 | Orc:4    | Bought a scroll of blinking for 127 gold pieces
 15730 | Orc:4    | Bought a scroll of teleportation for 51 gold pieces
 16152 | Orc:4    | Noticed an orc high priest
 16185 | Orc:4    | Noticed an orc warlord
 16199 | Orc:4    | Upgraded the game from 0.16.2-3-ga078185 to 0.16.2-12-gd0ad4c3
 16568 | D:12     | Noticed Grum
 16580 | D:12     | Killed Grum
 16838 | D:12     | Reached XP level 13. HP: 114/117 MP: 24/24
 16842 | D:12     | Reached skill level 11 in Axes
 16980 | D:11     | Noticed an unseen horror
 16986 | D:11     | Killed an unseen horror
 17473 | D:11     | Noticed Nessos
 17477 | D:11     | Noticed a hill giant
 17492 | D:11     | Killed Nessos
 17512 | D:11     | Killed a hill giant
 17627 | D:11     | Noticed Erolcha
 17638 | D:11     | Killed Erolcha
 17731 | D:11     | Found Amod's Antique Weapon Emporium.
 17740 | D:11     | Bought a glowing greatsling for 330 gold pieces
 17740 | D:11     | Bought the +8 autumn katana {slice, Clar} for 1148 gold pieces
 18150 | D:13     | Reached skill level 1 in Long Blades
 18150 | D:13     | Reached skill level 1 in Shields
 18150 | D:13     | Reached skill level 5 in Slings
 18207 | D:13     | Found a frozen archway.
 18247 | IceCv    | Entered an ice cave
 18923 | IceCv    | Noticed Enish's ghost (powerful DECj)
 18932 | IceCv    | Killed Enish's ghost
 19055 | IceCv    | Got a warped amethyst amulet
 19094 | IceCv    | Identified the amulet "Boosem" {Ward rC+ rN+ MR++ Str+4} (You found it in an ice cave)
 19328 | D:13     | Reached skill level 5 in Long Blades
 19919 | D:13     | Noticed a quicksilver dragon
 19923 | D:13     | a quicksilver dragon changed into an alligator snapping turtle
 19969 | D:13     | Reached XP level 14. HP: 59/127 MP: 6/25
 20420 | D:14     | Reached skill level 5 in Shields
 20707 | D:14     | Gained mutation: You are resistant to hostile enchantments. [potion of beneficial mutation]
 20807 | D:14     | Found a gate to the Vaults.
 21187 | D:15     | Entered Level 15 of the Dungeon
 21776 | D:15     | Reached XP level 15. HP: 20/134 MP: 1/26
 22167 | D:15     | Found a staircase to the Depths.
 22839 | Lair:1   | Entered Level 1 of the Lair of Beasts
 22951 | Lair:1   | Found a glowing silver altar of Zin.
 23088 | Lair:1   | Learned a level 3 spell: Ozocubu's Armour
 23607 | Lair:1   | Got a fine scale mail
 23618 | Lair:1   | Identified the -1 scale mail "Khyr" {Slay+2} (You found it on level 1 of the Lair of Beasts)
 24074 | Lair:2   | Reached skill level 10 in Long Blades
 24074 | Lair:2   | Reached skill level 1 in Ice Magic
 24099 | Lair:2   | Reached skill level 1 in Charms
 25103 | Lair:3   | Found a staircase to the Snake Pit.
 25273 | Lair:3   | Found a staircase to the Swamp.
 28069 | Lair:6   | Reached XP level 16. HP: 137/142 MP: 27/27
 28345 | Lair:6   | Noticed Rupert
 28359 | Lair:6   | Killed Rupert
 28996 | Lair:7   | Found a staircase to the Slime Pits.
 29371 | Lair:7   | Learned a level 3 spell: Passwall
 29778 | Lair:8   | Entered Level 8 of the Lair of Beasts
 29857 | Lair:8   | Reached skill level 1 in Transmutations
 29913 | Lair:8   | Reached skill level 1 in Earth Magic
 30264 | Lair:8   | Identified a +2 rod of ignition (11/11) (You found it on level 8 of the Lair of Beasts)
 30270 | Lair:8   | Identified a scroll of acquirement
 31235 | Lair:6   | Reached skill level 10 in Slings
 31331 | Swamp:1  | Entered Level 1 of the Swamp
 31493 | Swamp:1  | Reached skill level 10 in Fighting
 31502 | Swamp:1  | Reached skill level 5 in Spellcasting
 31786 | Swamp:1  | Got a bloodstained leather armour
 31797 | Swamp:1  | Identified the +1 leather armour "Widauduc" {rF+ rN+} (You found it on level 1 of the Swamp)
 32434 | Swamp:2  | Noticed Wiglaf
 32439 | Swamp:2  | Reached XP level 17. HP: 134/154 MP: 24/29
 32447 | Swamp:2  | Killed Wiglaf
 32468 | Swamp:2  | Noticed Roxanne
 32505 | Swamp:2  | Killed Roxanne
 32587 | Swamp:2  | Noticed Donald
 32595 | Swamp:2  | Killed Donald
 32721 | Swamp:2  | Noticed Frances
 32749 | Swamp:2  | Killed Frances
 33185 | Swamp:3  | Noticed CcS's ghost (mighty DgFE)
 33230 | Swamp:3  | Killed CcS's ghost
 33526 | Swamp:3  | Reached skill level 12 in Slings
 33633 | Swamp:3  | Gained mutation: You have a pair of small horns on your head. [potion of beneficial mutation]
 33697 | Swamp:4  | Found a bloodstained altar of Trog.
 34343 | Swamp:4  | Reached skill level 13 in Slings
 34736 | Swamp:5  | Entered Level 5 of the Swamp
 35668 | Swamp:5  | Reached skill level 14 in Slings
 35873 | Swamp:5  | Reached XP level 18. HP: 159/163 MP: 30/30
 36045 | Swamp:5  | Got a decaying rune of Zot
 36319 | Snake:1  | Entered Level 1 of the Snake Pit
 36581 | Snake:1  | Reached skill level 5 in Ice Magic
 38224 | Snake:3  | Noticed Vashnia
 38270 | Snake:3  | Killed Vashnia
 38842 | Snake:3  | Noticed Aizul
 38850 | Snake:3  | Killed Aizul
 38850 | Snake:3  | Reached skill level 10 in Shields
 39019 | Snake:3  | Found Immenaugy's Magic Scroll Shoppe.
 39026 | Snake:3  | Bought a scroll of identify for 22 gold pieces
 39026 | Snake:3  | Bought a scroll of blinking for 82 gold pieces
 39026 | Snake:3  | Bought a scroll of teleportation for 33 gold pieces
 39026 | Snake:3  | Bought a scroll of magic mapping for 38 gold pieces
 39026 | Snake:3  | Bought a scroll of summoning for 104 gold pieces
 39070 | Snake:3  | Noticed Asterion
 39082 | Snake:3  | Killed Asterion
 39658 | Snake:4  | Reached XP level 19. HP: 148/174 MP: 29/32
 39716 | Snake:4  | Noticed Nikola
 39725 | Snake:4  | Killed Nikola
 40239 | Snake:4  | Gained mutation: You are somewhat resistant to further mutation. [potion of beneficial mutation]
 40887 | Snake:5  | Entered Level 5 of the Snake Pit
 41013 | Snake:5  | Found an iron altar of Okawaru.
 41347 | Snake:5  | Noticed Norris
 41365 | Snake:5  | Killed Norris
 41620 | Snake:5  | Found Xaedutzali's Armour Boutique.
 41629 | Snake:5  | Bought a +2 cloak of magic resistance for 322 gold pieces
 42232 | Snake:5  | Reached XP level 20. HP: 75/187 MP: 26/33
 42734 | Snake:5  | Got a serpentine rune of Zot
 42809 | Snake:5  | Reached skill level 10 in Stealth
 43652 | Orc:4    | Noticed Josephine
 43671 | Orc:4    | Killed Josephine
 43681 | Orc:4    | Found a roughly hewn altar of Beogh.
 43707 | Orc:4    | Killed an orc warlord
 43723 | Orc:4    | Found Guvim's General Store.
 43730 | Orc:4    | Killed an orc high priest
 43740 | Orc:4    | Bought a scroll of teleportation for 36 gold pieces
 43740 | Orc:4    | Bought a scroll of blinking for 90 gold pieces
 43740 | Orc:4    | Bought a scroll of magic mapping for 42 gold pieces
 43749 | Orc:4    | Found Trei's Antique Weapon Boutique.
 43778 | Orc:4    | Found Rujoc's Antique Armour Boutique.
 43803 | Orc:4    | Found Anudwu's Jewellery Boutique.
 43841 | Orc:4    | Bought a scroll of identify for 34 gold pieces
 43841 | Orc:4    | Bought a scroll of identify for 34 gold pieces
 43907 | Orc:4    | Noticed Harold
 43916 | Orc:4    | Killed Harold
 44007 | Orc:4    | Noticed Nergalle
 44017 | Orc:4    | Killed Nergalle
 44412 | Elf:1    | Entered Level 1 of the Elven Halls
 44582 | Elf:1    | Reached skill level 10 in Dodging
 44622 | Elf:1    | Noticed Maud
 44635 | Elf:1    | Killed Maud
 45427 | Elf:2    | Found a huge runed gate.
 45427 | Elf:2    | Found a huge runed gate.
 45427 | Elf:2    | Found a huge runed gate.
 45428 | Elf:2    | Found a huge runed gate.
 45428 | Elf:2    | Found a huge runed gate.
 45698 | Elf:2    | Reached XP level 21. HP: 185/196 MP: 31/33
 46120 | Elf:3    | Entered Level 3 of the Elven Halls
 46136 | Elf:3    | Reached skill level 15 in Stealth
 46156 | Elf:3    | Noticed droidenko's ghost (mighty MiFi)
 46165 | Elf:3    | Killed droidenko's ghost
 46294 | Elf:3    | Found a shimmering altar of Xom.
 46305 | Elf:3    | Found Oduontoh's General Store.
 46607 | Elf:3    | Found Pnuupsasm's Antique Weapon Shoppe.
 46607 | Elf:3    | Found Qonnuoxt's Armour Shoppe.
 46638 | Elf:3    | Got a shimmering ivory ring
 46643 | Elf:3    | Identified the ring of Frupet {Wiz rPois rN+ MR- Dex+2} (You took it off a deep elf mage on level 3 of the Elven Halls)
 47064 | Elf:3    | Reached skill level 16 in Stealth
 47124 | Elf:3    | Got a sparkling wooden ring
 47471 | Elf:3    | Identified the ring of Zin's Approval {rElec rC+ Int-4 Dex-4 Slay+2 Stlth+} (You took it off a deep elf fighter on level 3 of the Elven Halls)
 47514 | Elf:3    | Got a translucent jade ring
 47516 | Elf:3    | Identified the ring of Descent {rF+ Int+3} (You took it off a deep elf fighter on level 3 of the Elven Halls)
 47522 | Elf:3    | Got a shimmering robe
 47539 | Elf:3    | Identified the +0 robe "Ashrubla" {rF- Regen+ MP+9} (You took it off a deep elf fighter on level 3 of the Elven Halls)
 47725 | Elf:3    | Identified the Catalogue of the Snowflakes
 47910 | Elf:3    | Bought the +0 helmet of Zexoc {rElec rC+ Regen+ Int-2} for 426 gold pieces
 48129 | Elf:3    | Found Froa's Antique Armour Shoppe.
 48539 | Lair:3   | Lost mutation: You have a pair of small horns on your head. [potion of cure mutation]
 48539 | Lair:3   | Lost mutation: You are resistant to hostile enchantments. [potion of cure mutation]
 48539 | Lair:3   | Lost mutation: You are somewhat resistant to further mutation. [potion of cure mutation]
 49183 | Vaults:1 | Entered Level 1 of the Vaults
 49201 | Vaults:1 | Reached skill level 17 in Stealth
 49940 | Vaults:1 | Reached skill level 18 in Stealth
 50036 | Vaults:1 | Reached XP level 22. HP: 207/207 MP: 34/34
 50811 | Vaults:2 | Reached skill level 19 in Stealth
 51146 | Vaults:2 | Reached skill level 20 in Stealth
 52107 | Vaults:3 | Found a staircase to the Crypt.
 52187 | Vaults:3 | Reached skill level 21 in Stealth
 52457 | Vaults:3 | Reached skill level 15 in Fighting
 52637 | Vaults:3 | Got a faintly glowing leather armour
 52648 | Vaults:3 | Identified the +1 leather armour "Qaudaa" {rC+ rCorr Int-4} (You found it on level 3 of the Vaults)
 52776 | Vaults:3 | Got a slimy leather armour
 52787 | Vaults:3 | Identified the cursed -1 leather armour of Skaet {rPois rC+ Str+4} (You found it on level 3 of the Vaults)
 53306 | Vaults:4 | Found Siguec's Antique Weapon Boutique.
 53306 | Vaults:4 | Found Umo Gaku's Assorted Antiques.
 53344 | Vaults:4 | Reached skill level 22 in Stealth
 53350 | Vaults:4 | Reached XP level 23. HP: 209/217 MP: 34/34
 53451 | Vaults:4 | Bought a scroll labeled KIEWNE SHREBANI for 39 gold pieces
 53451 | Vaults:4 | Bought a scroll labeled GHOANAUNET for 39 gold pieces
 53451 | Vaults:4 | Bought a scroll of teleportation for 117 gold pieces
 53482 | Vaults:4 | Found Cuaptol Ral's Antique Armour Boutique.
 53781 | Vaults:4 | Reached skill level 23 in Stealth
 53883 | Vaults:4 | Got a transparent battleaxe
 53889 | Vaults:4 | Identified the +7 battleaxe of Qulaj {chop, rN+ MP+9} (You found it on level 4 of the Vaults)
 54758 | Vaults:5 | Entered Level 5 of the Vaults
 54767 | Vaults:5 | Noticed Jorgrun
 54792 | Vaults:4 | Reached skill level 24 in Stealth
 55189 | Vaults:5 | Noticed an ancient lich
 55198 | Vaults:4 | Killed Jorgrun
 55473 | Vaults:5 | Killed an ancient lich
 55635 | Vaults:5 | Reached XP level 24. HP: 175/229 MP: 35/35
 55760 | Vaults:5 | Learned a level 5 spell: Phase Shift
 55797 | Vaults:5 | Noticed Margery
 55830 | Vaults:5 | Noticed Jory
 55840 | Vaults:5 | Killed Margery
 55842 | Vaults:5 | Reached skill level 25 in Stealth
 55848 | Vaults:5 | Killed Jory
 55926 | Vaults:5 | Identified Sif Muna's Reference Book on Shifting Earth
 56126 | Vaults:5 | HP: 6/229 [large abomination[an ironheart preserver] (32)]
 56127 | Vaults:5 | Reached skill level 15 in Long Blades
 56127 | Vaults:5 | Reached skill level 15 in Dodging
 56433 | Vaults:5 | Got a silver rune of Zot
 57332 | Vaults:5 | Reached XP level 25. HP: 221/238 MP: 35/35
 58734 | Slime:1  | Entered Level 1 of the Pits of Slime
 58863 | Slime:3  | Reached skill level 10 in Translocations
 59251 | Slime:6  | Entered Level 6 of the Pits of Slime
 60601 | D:8      | Learned a level 3 spell: Portal Projectile
 61112 | Slime:6  | Found a viscous altar of Jiyva.
 61118 | Slime:6  | Noticed the royal jelly
 61619 | Slime:6  | Killed the royal jelly
 61678 | Slime:6  | Got a bloodstained demon whip
 61686 | Slime:6  | Identified the +0 demon whip of Broemiam {vamp, rElec rPois Str+3 Int+2} (You found it on level 6 of the Pits of Slime)
 61702 | Slime:6  | Identified a +4 rod of shadows (14/14) (You found it on level 6 of the Pits of Slime)
 61839 | Slime:6  | Got a slimy rune of Zot
 62536 | Crypt:1  | Entered Level 1 of the Crypt
 62575 | Crypt:1  | Reached XP level 26. HP: 250/250 MP: 36/36
 63077 | Crypt:1  | Reached skill level 26 in Stealth
 63779 | Crypt:2  | Noticed Frederick
 63803 | Crypt:2  | Killed Frederick
 63809 | Crypt:2  | Reached skill level 27 in Stealth
 64497 | Crypt:2  | Got a pair of crude gloves
 64508 | Crypt:2  | Identified the +2 pair of gloves "Wirhit" {rC- Str+6} (You acquired it on level 2 of the Crypt)
 64768 | Crypt:3  | Entered Level 3 of the Crypt
 64976 | Crypt:3  | Found a basalt altar of Yredelemnul.
 65534 | Crypt:3  | Reached XP level 27. HP: 232/265 MP: 36/36
 65729 | Crypt:3  | Found a staircase to the Tomb.
 65839 | Crypt:3  | Got a shimmering glass ring
 65839 | Crypt:3  | Got a warped granite ring
 65842 | Crypt:3  | Identified the ring "Inloiss" {-Cast rN+ Int+4 SInv} (You found it on level 3 of the Crypt)
 65844 | Crypt:3  | Identified the ring "Cuatot" {rN+ MR+ Str+4} (You found it on level 3 of the Crypt)
 65850 | Crypt:3  | Got a transparent iron ring
 65852 | Crypt:3  | Identified the ring of Ammu {rF+ rN+ MR++ MP-9 Str+2 Int-4} (You found it on level 3 of the Crypt)
 66231 | Tomb:1   | Entered Level 1 of the Tomb of the Ancients
 66685 | Depths:1 | Entered Level 1 of the Depths
 66770 | Depths:1 | Found a one-way gate leading to the halls of Pandemonium.
 66932 | Depths:1 | Found a gateway to Hell.
 67277 | Depths:1 | Noticed Sojobo
 67299 | Depths:1 | Killed Sojobo
 68221 | Depths:2 | Reached skill level 5 in Armour
 68896 | Depths:3 | Found a one-way gate to the infinite horrors of the Abyss.
 70285 | Depths:4 | Found a shimmering altar of Xom.
 70694 | Depths:5 | Entered Level 5 of the Depths
 70701 | Depths:5 | Found a gateway to a ziggurat.
 70961 | Depths:5 | Found a gate to the Realm of Zot.
 71069 | Depths:5 | Reached skill level 15 in Shields
 71493 | Depths:5 | Identified Cigotuvi's Disquisition on Lucky Black Rituals
 71563 | Depths:5 | Reached skill level 15 in Translocations
 72026 | Zig:1    | Entered Level 1 of a ziggurat
 72045 | Zig:2    | Entered Level 2 of a ziggurat
 72083 | Zig:3    | Entered Level 3 of a ziggurat
 72120 | Zig:4    | Entered Level 4 of a ziggurat
 72152 | Zig:4    | Got a transparent chain mail
 72163 | Zig:4    | Identified the +4 chain mail of Stroir {rN+ Dex+4} (You found it on level 4 of a ziggurat)
 72190 | Zig:4    | Learned a level 3 spell: Regeneration
 72195 | Zig:5    | Entered Level 5 of a ziggurat
 72212 | Zig:5    | Reached skill level 1 in Necromancy
 72267 | Zig:6    | Entered Level 6 of a ziggurat
 72348 | Zig:6    | Identified the Volume of Companions
 72353 | Zig:6    | Learned a level 3 spell: Recall
 72354 | Zig:6    | Identified Mnoleg's Almanac of the Escort
 72402 | Zig:7    | Entered Level 7 of a ziggurat
 72430 | Zig:7    | Noticed Ymmeohaifo the pandemonium lord
 72465 | Zig:7    | Killed Ymmeohaifo the pandemonium lord
 72510 | Zig:7    | Got a scintillating marble ring
 72512 | Zig:7    | Identified the ring of Luoc {rN+ MR++ Int-4 Dex-3 SInv} (You found it on level 7 of a ziggurat)
 72533 | Zig:8    | Entered Level 8 of a ziggurat
 72549 | Zig:8    | Reached skill level 5 in Necromancy
 72789 | Hell     | Entered the Vestibule of Hell
 72789 | Hell     | Noticed Geryon
 72995 | Hell     | Killed Geryon
 73098 | Hell     | Found a gateway to the decaying netherworld of Tartarus.
 73141 | Tar:1    | Entered Level 1 of Tartarus
 73559 | Tar:4    | Reached skill level 10 in Spellcasting
 74090 | Tar:7    | Entered Level 7 of Tartarus
 74530 | Hell     | Noticed Murray
 74568 | Hell     | Found a gateway to the freezing wastes of Cocytus.
 74706 | Hell     | Found a gateway to the Iron City of Dis.
 74994 | Hell     | Found a gateway to the ashen valley of Gehenna.
 75175 | Depths:5 | Reached skill level 10 in Necromancy
 75276 | Depths:3 | Voluntarily entered the Abyss.
 75483 | Abyss:1  | Paralysed by you for 7 turns
 75751 | Abyss:1  | Paralysed by accursed screaming for 1 turns
 75778 | Abyss:1  | Reached skill level 5 in Transmutations
 75999 | Abyss:2  | Found a corrupted altar of Lugonu.
 76395 | Abyss:2  | Gained mutation: Your spells are a little easier to cast, but a little less powerful. [a neqoxec]
 76422 | Abyss:2  | Found a corrupted altar of Lugonu.
 76714 | Abyss:2  | Paralysed by accursed screaming for 1 turns
 76848 | Abyss:2  | Found a corrupted altar of Lugonu.
 77310 | Abyss:3  | Reached skill level 10 in Ice Magic
 77355 | Abyss:3  | Noticed an ancient lich
 77364 | Abyss:3  | Killed an ancient lich
 77394 | Abyss:3  | Paralysed by you for 4 turns
 78274 | Abyss:3  | Got an abyssal rune of Zot
 78377 | Abyss:3  | Paralysed by accursed screaming for 1 turns
 78401 | Abyss:3  | Paralysed by accursed screaming for 1 turns
 78692 | Depths:3 | Escaped the Abyss
 78705 | Depths:3 | Learned a level 6 spell: Ozocubu's Refrigeration
 78790 | Pan      | Entered Pandemonium
 78949 | Pan      | Got an emerald-studded ring mail
 78962 | Pan      | Identified the +5 ring mail "Xigadoj" {Int+3} (You found it in Pandemonium)
 79299 | Pan      | Found an exit through the horrors of the Abyss.
 79317 | Pan      | Noticed Freffoik the pandemonium lord
 79352 | Pan      | Killed Freffoik the pandemonium lord
 79986 | Pan      | Got a demonic rune of Zot
 80883 | Pan      | Reached skill level 10 in Transmutations
 80966 | Pan      | Found a white marble altar of Elyvilon.
 81379 | Pan      | Got a faintly glowing platinum ring
 81391 | Pan      | Identified the ring "Noekot" {EV+4 Dex+2 SInv} (You took it off a cherub in Pandemonium)
 81810 | Pan      | Found a glowing silver altar of Zin.
 82116 | Pan      | Noticed a seraph
 82127 | Pan      | Killed a seraph
 82172 | Pan      | Got a wavering brass ring
 82180 | Pan      | Found a glowing golden altar of the Shining One.
 82515 | Pan      | Reached skill level 15 in Ice Magic
 83035 | Pan      | Noticed Smoyblaca the pandemonium lord
 83047 | Pan      | Killed Smoyblaca the pandemonium lord
 83051 | Pan      | Identified the Disquisition on Battle Magic
 83066 | Pan      | Identified the ring of Egalitarianism {Wiz rC+ Int+2} (You took it off an angel in Pandemonium)
 83169 | Pan      | Found an exit through the horrors of the Abyss.
 83232 | Depths:3 | Escaped Pandemonium
 83678 | Lair:1   | Learned a level 8 spell: Necromutation
 84522 | Tomb:1   | Noticed Mara
 84539 | Tomb:1   | Killed Mara
 84893 | Tomb:1   | Noticed an ancient lich
 84901 | Tomb:1   | Killed an ancient lich
 85625 | Pan      | Entered Pandemonium
 86130 | Pan      | Found a huge runed gate.
 86147 | Pan      | Noticed Seupodeing the pandemonium lord
 86169 | Pan      | Killed Seupodeing the pandemonium lord
 86446 | Pan      | Noticed Achoduiroi the pandemonium lord
 86468 | Pan      | Killed Achoduiroi the pandemonium lord
 86494 | Pan      | Got a sparkling bone ring
 86496 | Pan      | Identified the ring "Khiething" {+Fly Int+2 Dex+4} (You found it in Pandemonium)
 86550 | Pan      | Found an exit through the horrors of the Abyss.
 86591 | Pan      | Reached skill level 15 in Transmutations
 86653 | Pan      | Noticed Klib Leu the pandemonium lord
 86671 | Pan      | Killed Klib Leu the pandemonium lord
 86953 | Pan      | Reached skill level 15 in Necromancy
 86959 | Pan      | Gained mutation: You are frail (-10% HP). [a cacodemon]
 86976 | Pan      | Lost mutation: You are frail (-10% HP). [potion of cure mutation]
 86976 | Pan      | Lost mutation: Your spells are a little easier to cast, but a little less powerful. [potion of cure mutation]
 87049 | Pan      | Noticed Efus the pandemonium lord
 87062 | Pan      | Killed Efus the pandemonium lord
 87198 | Pan      | Noticed Kijainoth the pandemonium lord
 87243 | Pan      | Killed Kijainoth the pandemonium lord
 87584 | Pan      | Noticed Fafrui the pandemonium lord
 87595 | Pan      | Killed Fafrui the pandemonium lord
 87672 | Pan      | Found an exit through the horrors of the Abyss.
 87823 | Pan      | Noticed Yzown the pandemonium lord
 87851 | Pan      | Killed Yzown the pandemonium lord
 87943 | Pan      | Found an exit through the horrors of the Abyss.
 88070 | Pan      | Found an exit through the horrors of the Abyss.
 88196 | Pan      | Noticed Pothir the pandemonium lord
 88203 | Pan      | Killed Pothir the pandemonium lord
 88226 | Pan      | Entered the realm of Gloorx Vloq.
 88234 | Pan      | Got a dark rune of Zot
 88243 | Pan      | Noticed Gloorx Vloq
 88257 | Pan      | Killed Gloorx Vloq
 89022 | Pan      | Noticed Mennas
 89040 | Pan      | Killed Mennas
 89066 | Pan      | Got a polished large shield
 89077 | Pan      | Identified the +0 large shield of Prufobuk {rElec rN+ SInv} (You took it off Mennas in Pandemonium)
 89229 | Pan      | Found an exit through the horrors of the Abyss.
 89445 | Pan      | Entered the realm of Cerebov.
 89475 | Pan      | Identified the Reference Book on Poison
 89575 | Pan      | Noticed Cerebov
 89681 | Pan      | Killed Cerebov
 89758 | Pan      | Got a fiery rune of Zot
 89783 | Pan      | Got an iridescent battleaxe
 89787 | Pan      | Identified the +9 battleaxe "Ziab" {chop, rElec Int+3 Dex-5} (You found it in Pandemonium)
 89800 | Pan      | Identified Sif Muna's Volume of the Compass
 89834 | Pan      | Got a bound jade amulet
 89842 | Pan      | Identified the amulet "Shayt" {Gourm rC+ MR+ Int-3} (You found it in Pandemonium)
 89895 | Pan      | Got a slimy platinum ring
 89897 | Pan      | Identified the ring "Groteg" {rN+ MR- MP+9 Str+4 SInv} (You found it in Pandemonium)
 89912 | Pan      | Got an encrusted blowgun
 89913 | Pan      | Identified the +7 blowgun of Steejea {speed, SInv Stlth+} (You found it in Pandemonium)
 90505 | Pan      | Noticed Enlorasy the pandemonium lord
 90516 | Pan      | Killed Enlorasy the pandemonium lord
 90580 | Pan      | Found an exit through the horrors of the Abyss.
 90672 | Pan      | Identified the Compendium of the Flying Snowflakes
 90677 | Pan      | Noticed Twic the pandemonium lord
 90686 | Pan      | Killed Twic the pandemonium lord
 90748 | Pan      | Found a gateway to a ziggurat.
 90801 | Zig:1    | Entered Level 1 of a ziggurat
 90833 | Zig:2    | Entered Level 2 of a ziggurat
 90875 | Zig:3    | Entered Level 3 of a ziggurat
 90930 | Zig:4    | Entered Level 4 of a ziggurat
 91072 | Zig:4    | Got a steaming chain mail
 91083 | Zig:4    | Identified the +1 chain mail of Impressiveness {rF- MR++ Regen+} (You found it on level 4 of a ziggurat)
 91104 | Zig:4    | Identified the Collected Works on Cloudy Conjuration
 91122 | Zig:5    | Entered Level 5 of a ziggurat
 91195 | Zig:6    | Entered Level 6 of a ziggurat
 91270 | Zig:7    | Entered Level 7 of a ziggurat
 91410 | Zig:7    | Identified Sif Muna's Guide on Lightness
 91461 | Zig:8    | Entered Level 8 of a ziggurat
 91583 | Zig:9    | Entered Level 9 of a ziggurat
 91652 | Zig:9    | Reached skill level 5 in Charms
 91864 | Zig:10   | Entered Level 10 of a ziggurat
 92008 | Zig:10   | Identified the Guide on Shifting Attacks
 92019 | Zig:10   | Learned a level 6 spell: Dispersal
 92027 | Zig:10   | Learned a level 7 spell: Controlled Blink
 92044 | Zig:11   | Entered Level 11 of a ziggurat
 92120 | Zig:11   | Reached skill level 10 in Charms
 92212 | Zig:11   | Identified the Disquisition on Arcane Weapons and Lightness (You found it on level 11 of a ziggurat)
 92247 | Zig:11   | Learned a level 9 spell: Singularity
 92416 | Zig:12   | Entered Level 12 of a ziggurat
 92428 | Zig:12   | Noticed Klofac the pandemonium lord
 92444 | Zig:12   | Killed Klofac the pandemonium lord
 92447 | Zig:12   | Noticed Yxibbob the pandemonium lord
 92447 | Zig:12   | Noticed Otwihoo the pandemonium lord
 92463 | Zig:12   | Killed Otwihoo the pandemonium lord
 92470 | Zig:12   | Killed Yxibbob the pandemonium lord
 92563 | Zig:12   | Got a heavily runed bronze ring
 92565 | Zig:12   | Identified the ring "Jocif" {MP+9 Slay+3} (You found it on level 12 of a ziggurat)
 92571 | Zig:12   | Got a brightly glowing hunting sling
 92572 | Zig:12   | Identified the +12 hunting sling of Dismemberment {speed, Int+4 Dex+3 Stlth+} (You found it on level 12 of a ziggurat)
 92587 | Zig:12   | Got a shimmering bronze amulet
 92588 | Zig:12   | Identified the amulet "Orchiebb" {Spirit rElec rC+ Dex-4 SInv Stlth+} (You found it on level 12 of a ziggurat)
 92593 | Zig:13   | Entered Level 13 of a ziggurat
 92796 | Zig:13   | Got a spiked cloak
 92807 | Zig:13   | Identified the +2 cloak "Kourgh" {-Tele +Fly rC+ MR+ Str+3} (You found it on level 13 of a ziggurat)
 92815 | Zig:13   | Got a pair of scorched gloves
 92826 | Zig:13   | Identified the +1 pair of gloves of Honour {rPois MP+9 Str+3 Dex+3 Slay-5} (You found it on level 13 of a ziggurat)
 92832 | Zig:13   | Identified Roxanne's Incunabulum of the Shifting Rocks
 92894 | Zig:14   | Entered Level 14 of a ziggurat
 92916 | Zig:14   | Paralysed by accursed screaming for 2 turns
 93031 | Zig:14   | Got a sparkling gossamer ring
 93033 | Zig:14   | Identified the ring of Potheit {+Blink rC++ Str+4 Int-5 Dex+7} (You found it on level 14 of a ziggurat)
 93245 | Zig:15   | Entered Level 15 of a ziggurat
 93492 | Zig:15   | Identified the Volume of Torrid Summoning
 93511 | Zig:15   | Got a translucent amber ring
 93513 | Zig:15   | Identified the ring of the Lily {rN+ MP+9} (You found it on level 15 of a ziggurat)
 93862 | Pan      | Noticed Enish's ghost (legendary DsMo)
 93992 | Pan      | Killed Enish's ghost
 94207 | Pan      | Found an exit through the horrors of the Abyss.
 94234 | Pan      | Noticed Ploutod the pandemonium lord
 94260 | Pan      | Killed Ploutod the pandemonium lord
 94554 | Pan      | Found a gateway to a ziggurat.
 94587 | Zig:1    | Entered Level 1 of a ziggurat
 94614 | Zig:2    | Entered Level 2 of a ziggurat
 94642 | Zig:3    | Entered Level 3 of a ziggurat
 94672 | Zig:4    | Entered Level 4 of a ziggurat
 94745 | Zig:5    | Entered Level 5 of a ziggurat
 94824 | Zig:6    | Entered Level 6 of a ziggurat
 94903 | Zig:6    | Got a translucent platinum ring
 94905 | Zig:6    | Identified the ring of Uruifiwk {+Blink MR++ EV+1} (You found it on level 6 of a ziggurat)
 94927 | Zig:7    | Entered Level 7 of a ziggurat
 95078 | Zig:8    | Entered Level 8 of a ziggurat
 95093 | Zig:8    | Noticed an ancient lich
 95114 | Zig:8    | Killed an ancient lich
 95162 | Zig:8    | Got a warped silver ring
 95164 | Zig:8    | Identified the ring "Wilurost" {+Inv Dex+3} (You found it on level 8 of a ziggurat)
 95179 | Zig:9    | Entered Level 9 of a ziggurat
 95193 | Zig:9    | Noticed Ghyole the pandemonium lord
 95205 | Zig:9    | Noticed Naufoet the pandemonium lord
 95215 | Zig:9    | Killed Ghyole the pandemonium lord
 95222 | Zig:9    | Paralysed by an apocalypse crab for 4 turns
 95245 | Zig:9    | Killed Naufoet the pandemonium lord
 95302 | Zig:9    | Got a translucent lead ring
 95304 | Zig:9    | Identified the ring "Asupexaco" {MP+9 AC+3 Str-2 Slay+3} (You found it on level 9 of a ziggurat)
 95385 | Zig:10   | Entered Level 10 of a ziggurat
 95461 | Zig:11   | Entered Level 11 of a ziggurat
 95491 | Zig:11   | Noticed Zesaff the pandemonium lord
 95508 | Zig:11   | Killed Zesaff the pandemonium lord
 95609 | Zig:12   | Entered Level 12 of a ziggurat
 95838 | Zig:13   | Entered Level 13 of a ziggurat
 95909 | Zig:13   | Gained mutation: You are partially covered in yellow scales (AC +2). [potion of beneficial mutation]
 95938 | Zig:14   | Entered Level 14 of a ziggurat
 96093 | Zig:14   | Gained mutation: You are resistant to hostile enchantments. [potion of beneficial mutation]
 96107 | Zig:15   | Entered Level 15 of a ziggurat
 96240 | Zig:15   | Got a slimy leather armour
 96252 | Zig:15   | Identified the -4 leather armour "Xalupput" {MR+ Int-2 SInv} (You acquired it on level 15 of a ziggurat)
 96263 | Zig:15   | Got a crude helmet
 96274 | Zig:15   | Identified the +0 helmet of the Bagpipe {rPois rC- Int+6 Dex+5} (You acquired it on level 15 of a ziggurat)
 96308 | Zig:15   | Got a scintillating pewter amulet
 96309 | Zig:15   | Identified the amulet "Notsops" {Clar rElec rPois Dex-4 Slay-5 SInv} (You found it on level 15 of a ziggurat)
 96325 | Zig:15   | Got a faintly glowing golden ring
 96326 | Zig:15   | Identified the ring of Utsiel {+Inv rElec MR++ Dex+2} (You found it on level 15 of a ziggurat)
 96359 | Zig:16   | Entered Level 16 of a ziggurat
 96491 | Zig:16   | Identified the Reference Book on Evil (You found it on level 16 of a ziggurat)
 96521 | Zig:17   | Entered Level 17 of a ziggurat
 96602 | Zig:17   | Paralysed by accursed screaming for 1 turns
 96820 | Zig:18   | Entered Level 18 of a ziggurat
 97004 | Zig:18   | Identified the Catalogue of Confrontation (You found it on level 18 of a ziggurat)
 97018 | Zig:18   | Got a pitted iron ring
 97020 | Zig:18   | Identified the ring "Ratypt" {rN++ MR++ Dex+4 Stlth+} (You found it on level 18 of a ziggurat)
 97106 | Pan      | Noticed Smuguc the pandemonium lord
 97115 | Pan      | Killed Smuguc the pandemonium lord
 97218 | Depths:1 | Escaped Pandemonium
 98590 | Tomb:2   | Reached skill level 10 in Armour
 99320 | Tomb:3   | Entered Level 3 of the Tomb of the Ancients
 99351 | Tomb:3   | Noticed an ancient lich
 99356 | Tomb:3   | Killed an ancient lich
 99804 | Tomb:3   | Got a transparent helmet
 99805 | Tomb:3   | Identified the cursed -5 helmet "Groib" {+Blink} (You found it on level 3 of the Tomb of the Ancients)
 99935 | Tomb:3   | Got a twitching wooden ring
 99936 | Tomb:3   | Identified the ring "Moqiuch" {rC+ rN+ Str+3 SInv} (You found it on level 3 of the Tomb of the Ancients)
 99939 | Tomb:3   | Identified Khufu's Almanac of Darkness
 99948 | Tomb:3   | Identified Laar's Reference Book on Combat Magic and Air
 99960 | Tomb:3   | Got a coiled pewter ring
 99961 | Tomb:3   | Identified the ring of Phek {Fire Int+3 Slay-5 Stlth+} (You found it on level 3 of the Tomb of the Ancients)
100042 | Tomb:3   | Got a golden rune of Zot
100088 | Tomb:3   | Reached skill level 15 in Slings
100108 | Tomb:3   | Reached skill level 1 in Evocations
101397 | Tar:5    | Reached skill level 5 in Evocations
101544 | Tar:7    | Noticed the Serpent of Hell
101578 | Tar:7    | Killed the Serpent of Hell
101643 | Tar:7    | Noticed Ereshkigal
101664 | Tar:7    | Killed Ereshkigal
101748 | Tar:7    | Got a bone rune of Zot
101824 | Tar:7    | Noticed an ancient lich
101841 | Tar:7    | Killed an ancient lich
101950 | Coc:1    | Entered Level 1 of Cocytus
102365 | Coc:2    | Reached skill level 10 in Evocations
103040 | Coc:7    | Entered Level 7 of Cocytus
103136 | Coc:7    | Noticed ghwc's ghost (legendary GrBe)
103174 | Coc:7    | Killed ghwc's ghost
103861 | Coc:7    | Noticed Antaeus
103926 | Coc:7    | Killed Antaeus
104113 | Coc:7    | Reached skill level 15 in Evocations
104216 | Coc:7    | Got an icy rune of Zot
104223 | Coc:7    | Identified Nuxyh's Handbook of Aerial Conjuration
104385 | Dis:1    | Entered Level 1 of the Iron City of Dis
104918 | Dis:3    | Paralysed by a Zot trap for 5 turns
105642 | Dis:7    | Entered Level 7 of the Iron City of Dis
106169 | Dis:7    | Reached skill level 27 in Translocations
106455 | Dis:7    | Identified the Compendium of Combat Magic
108410 | Dis:7    | Noticed Dispater
108441 | Dis:7    | Killed Dispater
108475 | Dis:7    | Got an iron rune of Zot
108749 | Geh:1    | Entered Level 1 of Gehenna
109691 | Geh:7    | Entered Level 7 of Gehenna
110582 | Geh:7    | Noticed Asmodeus
110639 | Geh:7    | Killed Asmodeus
110687 | Geh:7    | Got an obsidian rune of Zot
110696 | Geh:7    | Got a jewelled chain mail
110697 | Geh:7    | Identified the +1 chain mail "Steagai" {rElec Int+4 SInv} (You found it on level 7 of Gehenna)
111164 | Pan      | Entered Pandemonium
111197 | Pan      | Noticed Mnuavicoy the pandemonium lord
111212 | Pan      | Killed Mnuavicoy the pandemonium lord
111298 | Pan      | Found an exit through the horrors of the Abyss.
111445 | Pan      | Noticed Blaerch the pandemonium lord
111452 | Pan      | Killed Blaerch the pandemonium lord
111586 | Pan      | Found an exit through the horrors of the Abyss.
111668 | Pan      | Found an exit through the horrors of the Abyss.
111686 | Pan      | Noticed Twiacec the pandemonium lord
111697 | Pan      | Killed Twiacec the pandemonium lord
111797 | Pan      | Noticed Ziasaink the pandemonium lord
111803 | Pan      | Reached skill level 15 in Spellcasting
111811 | Pan      | Killed Ziasaink the pandemonium lord
111956 | Pan      | Found an exit through the horrors of the Abyss.
112109 | Pan      | Noticed Sairop the pandemonium lord
112115 | Pan      | Killed Sairop the pandemonium lord
112253 | Pan      | Found an exit through the horrors of the Abyss.
112438 | Pan      | Noticed Nutagg the pandemonium lord
112455 | Pan      | Killed Nutagg the pandemonium lord
112756 | Pan      | Found an exit through the horrors of the Abyss.
112985 | Pan      | Noticed Tam Elle the pandemonium lord
113004 | Pan      | Killed Tam Elle the pandemonium lord
113402 | Pan      | Found an exit through the horrors of the Abyss.
113501 | Pan      | Found an exit through the horrors of the Abyss.
113594 | Pan      | Noticed Gywn the pandemonium lord
113599 | Pan      | Killed Gywn the pandemonium lord
113976 | Pan      | Noticed Fyulots the pandemonium lord
113985 | Pan      | Killed Fyulots the pandemonium lord
114065 | Pan      | Found an exit through the horrors of the Abyss.
114396 | Pan      | Entered the realm of Mnoleg.
114396 | Pan      | Noticed Mnoleg
114413 | Pan      | Killed Mnoleg
114506 | Pan      | Got a glowing rune of Zot
114576 | Pan      | Paralysed by a giant eyeball for 2 turns
114582 | Pan      | Paralysed by a giant eyeball for 3 turns
114643 | Pan      | Entered the realm of Lom Lobon.
115074 | Pan      | Noticed Lom Lobon
115156 | Pan      | Killed Lom Lobon
115182 | Pan      | Got a magical rune of Zot
115372 | Pan      | Found a runed door.
115377 | Pan      | Found a runed door.
115380 | Pan      | Found a runed door.
115386 | Pan      | Noticed Ijunotal the pandemonium lord
115396 | Pan      | Killed Ijunotal the pandemonium lord
115408 | Pan      | Reached skill level 15 in Armour
115416 | Pan      | Found a runed door.
115459 | Pan      | Found an exit through the horrors of the Abyss.
115514 | Pan      | Found an exit through the horrors of the Abyss.
115591 | Pan      | Noticed Ignacio
115603 | Pan      | Killed Ignacio
115876 | Pan      | Noticed Yklekim the pandemonium lord
115883 | Pan      | Killed Yklekim the pandemonium lord
115959 | Pan      | Found an exit through the horrors of the Abyss.
116181 | Pan      | Noticed Cririxen the pandemonium lord
116190 | Pan      | Killed Cririxen the pandemonium lord
116259 | Pan      | Got a shimmering naga barding
116260 | Pan      | Identified the +0 naga barding "Seid" {rC- rN+ Str+2 Slay+2 Stlth+} (You acquired it in Pandemonium)
116612 | Pan      | Found an exit through the horrors of the Abyss.
116650 | Pan      | Noticed Blaucsaimn the pandemonium lord
116662 | Pan      | Killed Blaucsaimn the pandemonium lord
116692 | Pan      | Identified the Volume of Glacial Arcane Weapons
116778 | Pan      | Noticed Zijita the pandemonium lord
116786 | Pan      | Killed Zijita the pandemonium lord
116965 | Pan      | Found an exit through the horrors of the Abyss.
117371 | Pan      | Found an exit through the horrors of the Abyss.
117523 | Pan      | Found a huge runed gate.
117547 | Pan      | Noticed Supsuc the pandemonium lord
117559 | Pan      | Killed Supsuc the pandemonium lord
117571 | Pan      | Found a huge runed gate.
117585 | Pan      | Noticed Hyic Idgh the pandemonium lord
117600 | Pan      | Killed Hyic Idgh the pandemonium lord
117946 | Pan      | Found an exit through the horrors of the Abyss.
118105 | Pan      | Found an exit through the horrors of the Abyss.
118450 | Pan      | Noticed Brudwywi the pandemonium lord
118523 | Pan      | Killed Brudwywi the pandemonium lord
118827 | Pan      | Noticed Oggos the pandemonium lord
118838 | Pan      | Killed Oggos the pandemonium lord
118879 | Depths:1 | Escaped Pandemonium
119051 | Zot:1    | Entered Level 1 of the Realm of Zot
119385 | Zot:1    | You fall through a shaft!
119980 | Zot:2    | Noticed an orb of fire
120005 | Zot:2    | Killed an orb of fire
120149 | Zot:2    | Noticed an ancient lich
120162 | Zot:2    | Killed an ancient lich
120349 | Zot:3    | Noticed an orb of fire
120377 | Zot:3    | Killed an orb of fire
121237 | Zot:4    | Reached skill level 27 in Fighting
121248 | Zot:4    | Found a corrupted altar of Lugonu.
122027 | Zot:5    | Entered Level 5 of the Realm of Zot
122130 | Zot:5    | Reached skill level 27 in Long Blades
122502 | Zot:5    | Noticed an ancient lich
122506 | Zot:5    | Killed an ancient lich
122513 | Zot:5    | Noticed an orb of fire
122529 | Zot:5    | Killed an orb of fire
122534 | Zot:5    | Noticed an ancient lich
122538 | Zot:5    | Noticed an orb of fire
122540 | Zot:5    | Noticed an orb of fire
122543 | Zot:5    | Killed an ancient lich
122564 | Zot:5    | Killed an orb of fire
122600 | Zot:5    | Noticed an orb of fire
122609 | Zot:5    | Noticed an orb of fire
122638 | Zot:5    | Killed an orb of fire
122646 | Zot:5    | Noticed an orb of fire
122660 | Zot:5    | Killed an orb of fire
122662 | Zot:5    | Killed an orb of fire
122799 | Zot:5    | Noticed an orb of fire
122807 | Zot:5    | Noticed an orb of fire
122809 | Zot:5    | Noticed an orb of fire
122813 | Zot:5    | Killed an orb of fire
122828 | Zot:5    | Killed an orb of fire
122834 | Zot:5    | Killed an orb of fire
122892 | Zot:5    | Noticed an ancient lich
122902 | Zot:5    | Killed an ancient lich
122983 | Zot:5    | Got the Orb of Zot
123007 | Zot:5    | Noticed Hiesah the pandemonium lord
123018 | Zot:5    | Killed Hiesah the pandemonium lord
123224 | Zot:1    | Noticed Bonkoazxo the pandemonium lord
123245 | Zot:1    | Killed Bonkoazxo the pandemonium lord
123519 | D:15     | Noticed Apiotet the pandemonium lord
123531 | D:15     | Killed Apiotet the pandemonium lord
123598 | D:14     | Noticed Shroi the pandemonium lord
123606 | D:14     | Killed Shroi the pandemonium lord
123622 | D:14     | Noticed Klar the pandemonium lord
123807 | D:6      | Noticed Dososh the pandemonium lord
123823 | D:6      | Killed Dososh the pandemonium lord
124000 | D:1      | Reached skill level 27 in Spellcasting
124097 | D:2      | Noticed a seraph
124106 | D:2      | Killed a seraph
124164 | D:$      | Escaped with the Orb!

Action                   |  1- 3 |  4- 6 |  7- 9 | 10-12 | 13-15 | 16-18 | 19-21 | 22-24 | 25-27 || total
-------------------------+-------+-------+-------+-------+-------+-------+-------+-------+-------++-------
Melee: Hand axe          |    46 |   128 |   292 |   558 |   118 |    89 |       |       |       ||  1231
       Unarmed           |       |       |     4 |       |       |    12 |       |       |     1 ||    17
       Dagger            |       |       |     3 |     5 |       |       |       |       |       ||     8
       War axe           |       |       |       |    14 |   326 |    37 |    17 |       |       ||   394
       Katana            |       |       |       |       |   375 |   922 |  1163 |  1410 | 16465 || 20335
       Knife             |       |       |       |       |       |    41 |     6 |     4 |    79 ||   130
       Greatsling        |       |       |       |       |       |       |     3 |       |    21 ||    24
       Blowgun           |       |       |       |       |       |       |     3 |       |       ||     3
       Double sword      |       |       |       |       |       |       |       |    54 |   842 ||   896
       Eudemon blade     |       |       |       |       |       |       |       |       |   604 ||   604
       Staff             |       |       |       |       |       |       |       |       |     3 ||     3
 Fire: Hunting sling     |    11 |    82 |   296 |   407 |    73 |       |       |       |       ||   869
       Blowgun           |       |       |    25 |    81 |       |       |     3 |       |     5 ||   114
       Greatsling        |       |       |       |       |   349 |   521 |   393 |   105 |  2006 ||  3374
Throw: Tomahawk          |       |     5 |     9 |     3 |       |       |       |       |       ||    17
       Stone             |       |       |       |     8 |    10 |     5 |    16 |     2 |    33 ||    74
       Javelin           |       |       |       |     6 |       |     5 |       |     7 |    16 ||    34
 Cast: Apportation       |     1 |       |       |     3 |    35 |    99 |    23 |    14 |   430 ||   605
       Blink             |       |    11 |    15 |    38 |    34 |    24 |    12 |    10 |    85 ||   229
       Ozocubu's Armour  |       |       |       |       |     1 |     4 |     3 |    11 |     4 ||    23
       Passwall          |       |       |       |       |       |     4 |     2 |       |    26 ||    32
       Phase Shift       |       |       |       |       |       |       |       |       |     5 ||     5
       Necromutation     |       |       |       |       |       |       |       |       |   406 ||   406
       Singularity       |       |       |       |       |       |       |       |       |   104 ||   104
       Ozocubu's Refrige |       |       |       |       |       |       |       |       |    99 ||    99
       Regeneration      |       |       |       |       |       |       |       |       |    84 ||    84
       Dispersal         |       |       |       |       |       |       |       |       |    35 ||    35
       Controlled Blink  |       |       |       |       |       |       |       |       |    20 ||    20
       Portal Projectile |       |       |       |       |       |       |       |       |     9 ||     9
Invok: Slouch            |       |       |       |    15 |     9 |     3 |     6 |    13 |    59 ||   105
 Abil: Spit Poison       |    19 |    17 |    33 |    36 |    13 |    16 |    11 |    15 |    41 ||   201
       End Transformatio |       |       |       |       |       |       |       |       |     5 ||     5
       Evoke Flight      |       |       |       |       |       |       |       |       |     2 ||     2
Evoke: Wand              |       |       |     3 |     6 |     2 |       |       |       |       ||    11
       Staff of energy   |       |       |       |       |       |       |       |       |   126 ||   126
       Deck              |       |       |       |       |       |       |       |       |     5 ||     5
  Use: Scroll            |       |       |    13 |    16 |    16 |    15 |    10 |    10 |   147 ||   227
       Potion            |       |       |       |     6 |     4 |     4 |     3 |     2 |    60 ||    79
 Stab: Sleeping          |     1 |     2 |    24 |    26 |    33 |    41 |    43 |    37 |   173 ||   380
       Distracted        |       |       |       |     1 |     1 |     6 |     2 |     2 |   110 ||   122
       Paralysed         |       |       |       |     1 |       |       |       |       |     4 ||     5
       Invisible         |       |       |       |       |       |     4 |       |       |       ||     4
       Petrifying        |       |       |       |       |       |       |       |     1 |       ||     1
       Confused          |       |       |       |       |       |       |       |       |    10 ||    10
       Petrified         |       |       |       |       |       |       |       |       |     3 ||     3
  Eat: Chunk             |     1 |     9 |    17 |    20 |    24 |    26 |    21 |    14 |    60 ||   192
       Beef jerky        |       |       |       |     1 |       |       |     1 |     3 |    14 ||    19
       Royal jelly       |       |       |       |     1 |       |       |       |       |    11 ||    12
       Bread ration      |       |       |       |       |     1 |       |       |       |     1 ||     2
       Fruit             |       |       |       |       |       |     1 |       |     1 |    29 ||    31
       Pizza             |       |       |       |       |       |       |     1 |     1 |     6 ||     8
       Meat ration       |       |       |       |       |       |       |       |       |     1 ||     1
